 Dungeon Crawl Stone Soup version 0.29-a0-902-g0f71de6fce (webtiles) character file.

Game seed: 11238737305808137679

1432 wilfster70 the Chiller (level 8, -4/41 HPs)
             Began as a Gargoyle Ice Elementalist on July 24, 2022.
             Was a Believer of Ashenzari.
             Killed from afar by an acid dragon (24 damage)
             ... with a splash of acid
             ... on level 6 of the Dungeon.
             The game lasted 00:13:07 (6433 turns).

wilfster70 the Chiller (Gargoyle Ice Elementalist)  Turns: 6433, Time: 00:13:07

Health: -4/41      AC:  9    Str: 13    XL:     8   Next: 73%
Magic:  12/17      EV: 11    Int: 17    God:    Ashenzari [**....]
Gold:   172        SH:  0    Dex: 10    Spells: 11/19 levels left

rFire   . . .      SeeInvis +   a - +2 whip (venom)
rCold   + . .      Faith    .   (no shield)
rNeg    + . .      Spirit   .   c - +0 robe "Restrained Together" {Evo, Fort} (curse)
rPois   ∞          Reflect  .   (no helmet)
rElec   +          Harm     .   f - scarf "Tethered Together" {shadows, Evo, Bglg} (curse)
rCorr   .          Rampage  .   w - +0 pair of gloves
Will    .....                   g - +0 pair of boots of the Stellar Sage {Alch, Bglg} (curse)
Stlth   ++........              (no amulet)
HPRegen 0.13/turn               s - ring of protection from cold
MPRegen 0.15/turn               t - ring "Shackled Trepidation" {AC+4, Melee, Range} (curse)

@: corroded, freezing walls
A: sickness immunity, AC +5, negative energy resistance 1, electricity
resistance, torment resistance 1, petrification resistance
a: Renounce Religion, Curse Item, Shatter the Chains


You were on level 6 of the Dungeon.
You worshipped Ashenzari.
Ashenzari was pleased with you.
You visited 1 branch of the dungeon, and saw 6 of its levels.

You collected 172 gold pieces.

Inventory:

Hand Weapons
 a - a +2 whip of venom (weapon)
 b - a +0 sling
 p - a +0 spear
Missiles
 k - a throwing net
Armour
 c - the cursed +0 robe "Restrained Together" (worn) {Evo, Fort}

   It has a curse which improves the following skills: Evocations: Evocations.
   Fortitude: Armour and Shields.
 f - the cursed scarf "Tethered Together" (worn) {shadows, Evo, Bglg}
   (You found it on level 2 of the Dungeon)

   It has a curse which improves the following skills: Evocations: Evocations.
   Beguiling: Conjurations, Hexes and Translocations.
 g - the cursed +0 pair of boots of the Stellar Sage (worn) {Alch, Bglg}
   (You found it on level 2 of the Dungeon)

   It has a curse which improves the following skills: Alchemy: Poison Magic and
   Transmutations.
   Beguiling: Conjurations, Hexes and Translocations.
 w - a +0 pair of gloves (worn)
 z - the +2 leather armour of Analysis {Str+4}
   (You found it on level 6 of the Dungeon)

   Str:       It affects your strength (+4).
Jewellery
 s - a ring of protection from cold (left hand)
 t - the cursed ring "Shackled Trepidation" (right hand) {AC+4, Melee, Range}
   (You found it on level 4 of the Dungeon)

   [ring of protection]

   AC:        It affects your AC (+4).
   It has a curse which improves the following skills: Melee Combat: Short
   Blades, Long Blades, Axes, Maces & Flails, Polearms, Staves and Unarmed
   Combat.
   Ranged Combat: Ranged Weapons and Throwing.
Scrolls
 d - 2 scrolls of immolation
 j - a scroll of teleportation
 l - a scroll of blinking
 v - a scroll of fear
 x - a scroll of silence
 y - a scroll of brand weapon
Potions
 e - a potion of resistance
 i - a potion of attraction
 m - a potion of lignification
 n - a potion of magic
 o - a potion of ambrosia
 q - a potion of curing
 r - a potion of mutation
 u - a potion of flight


   Skills:
 + Level 5.2(6.4) Polearms
 - Level 1.5 Dodging
 - Level 2.1 Stealth
 - Level 6.0 Spellcasting
 - Level 4.2(6.0) Conjurations
 - Level 6.0 Ice Magic


You had 11 spell levels left.
You knew the following spells:

 Your Spells              Type           Power      Damage    Failure   Level
a - Freeze                Ice            100%       1d11      1%          1
b - Frozen Ramparts       Ice            50%        1d7       3%          3
c - Hailstorm             Conj/Ice       25%        3d7       11%         4

Your spell library contained the following spells:

 Spells                   Type           Power      Damage    Failure   Level
 Ozocubu's Armour         Ice            25%        N/A       3%          3
 Ignite Poison            Fire/Tmut/Pois 5%         N/A       36%         3
 Summon Guardian Golem    Hex/Summ       5%         N/A       36%         3
 Orb of Destruction       Conj           12%        9d7       100%        7
 Spellforged Servitor     Conj/Summ      7%         N/A       100%        7
 Ignition                 Fire           2%         3d3       100%        8
 Fire Storm               Conj/Fire      7%         8d2       100%        9


Dungeon Overview and Level Annotations

Branches:
Dungeon (6/15)             Temple (0/1) D:5

Altars:
Ashenzari
Hepliaklqana
Makhleb
Nemelex Xobeh

Shops:
D:4 [   D:5 :

Annotations:
D:6 Blork the orc


Innate Abilities, Weirdness & Mutations

You are immune to sickness and miasma.
Your stone body is resilient. (AC +5)
You are immune to poison.
You resist negative energy. (rN+)
You are resistant to electric shocks. (rElec)
You are resistant to unholy torment.
You are immune to petrification.


Message History

The wall freezes the centaur.
You kill the centaur!
Your base Polearms skill increases to level 5!
You hit the black bear but do no damage.
The black bear looks as sick as possible!
The black bear is moderately wounded.
The frozen ramparts melt away.
Blork the orc screams, "I'm going to kill you!"
The black bear bites you. The black bear closely misses you.
The black bear claws you but does no damage.
The acid dragon barely misses you.
The acid dragon claws you but does no damage.
The acid dragon closely misses you.
The acid dragon claws you but does no damage.
The black bear bites you. The black bear barely misses you.
The black bear misses you.
Casting: Frozen Ramparts (dangerous; 3% risk of failure)
Confirm with . or Enter, or press ? or * to list all spells.
Casting: Frozen Ramparts (dangerous; 3% risk of failure)
Press: ? - help, Dir - look around, f - activate The walls around you are covered in ice.
The wall freezes the acid dragon.
The acid dragon barely misses you. The acid dragon misses you.
The wall freezes the black bear.
The black bear bites you but does no damage.
The black bear closely misses you. The black bear misses you.
You feel much better.
The wall freezes the acid dragon.
The acid dragon bites you. The acid dragon claws you.
The wall freezes the black bear.
The black bear bites you.
The black bear claws you but does no damage.
The black bear barely misses you.
The wall freezes Blork the orc.
Blork the orc hits you with a +1 scimitar of holy wrath.
You closely miss the acid dragon.
The acid dragon is moderately wounded.
The wall freezes Blork the orc.
Blork the orc hits you with a +1 scimitar of holy wrath.
The wall freezes the acid dragon.
The acid dragon spits acid at you. The splash of acid hits you!!
Ouch! That really hurt!
You die...

* ,, * * * #####
* ,
##########...#
*,
#..........#.# ,
#.########@o.#**
#.# #..hD...#
#####.#
#.##...... , ,
#.....# #.
*#.#.#. *
##.##### # *
.....,,** #..<#
* .....,, #.<.#
, , ... , #...#
* ,, , , * #.###
,,, ,


You could see Blork the orc, a black bear (very poisoned) and an acid dragon
(catching breath).

Vanquished Creatures
  2 water moccasins (D:5)
  A black bear (D:4)
  An ogre (D:5)
  A centaur (D:6)
  A necrophage (D:4)
  4 scorpions
  2 orc priests (D:4)
  2 gnoll boudas (D:5)
  6 hounds
  2 iguanas (D:4)
  2 orc wizards
  13 gnolls
  4 adders
  A white imp (D:6)
  A worm (D:3)
  5 dart slugs
  9 orcs
  9 bats
  5 endoplasms
  A giant cockroach (D:1)
  11 goblins
  6 hobgoblins
  7 jackals
  7 kobolds
  4 quokkas
  5 ball pythons
  3 frilled lizards
  3 rats
118 creatures vanquished.

Notes
Turn   | Place    | Note
-------+----------+-------------------------------------------
     0 | D:1      | wilfster70 the Gargoyle Ice Elementalist began the quest
                  | for the Orb.
     0 | D:1      | Reached XP level 1. HP: 10/10 MP: 3/3
   129 | D:1      | Reached XP level 2. HP: 7/15 MP: 5/5
  1025 | D:1      | Reached XP level 3. HP: 18/19 MP: 6/6
  1029 | D:1      | Learned a level 3 spell: Frozen Ramparts
  1322 | D:2      | Found a broken altar of Ashenzari.
  1341 | D:2      | Became a worshipper of Ashenzari the Shackled
  1629 | D:2      | Reached skill level 5 in Ice Magic
  1761 | D:2      | Reached XP level 4. HP: 24/24 MP: 8/8
  2047 | D:3      | Got the Tome of the Salamander
  2667 | D:3      | Found a hazy altar of Hepliaklqana.
  2733 | D:3      | Reached XP level 5. HP: 17/28 MP: 9/9
  2988 | D:3      | Found a sparkling altar of Nemelex Xobeh.
  3044 | D:3      | Reached * piety under Ashenzari
  3673 | D:4      | Found Quobikor's Armour Emporium.
  3705 | D:4      | Reached XP level 6. HP: 32/32 MP: 7/11
  4101 | D:4      | Reached ** piety under Ashenzari
  4107 | D:4      | Learned a level 4 spell: Hailstorm
  4280 | D:4      | Noticed a black bear
  4289 | D:4      | Killed a black bear
  4290 | D:4      | Reached skill level 5 in Spellcasting
  4290 | D:4      | Reached skill level 1 in Conjurations
  4290 | D:4      | Reached XP level 7. HP: 28/36 MP: 10/14
  5120 | D:4      | Found a burning altar of Makhleb.
  5254 | D:5      | Entered Level 5 of the Dungeon
  5479 | D:5      | Reached skill level 1 in Polearms
  5479 | D:5      | Reached XP level 8. HP: 41/41 MP: 13/17
  5886 | D:5      | Found a staircase to the Ecumenical Temple.
  5985 | D:5      | Found Ogguthrann's Self-Improvement Boutique.
  6406 | D:6      | Identified the +2 leather armour of Analysis {Str+4}
  6426 | D:6      | Noticed Blork the orc
  6430 | D:6      | Reached skill level 5 in Polearms
  6433 | D:6      | Killed from afar by an acid dragon

Illustrated notes

Levels and vault maps discovered:
D:1:      lemuel_arrival_muddy, layout_loops_ring,
          chequers_serial_rivers_micro_b
D:2:      layout_loops_cross, basic_altar, solitary_fountain
D:3:      layout_basic, mainiacjoe_overflow_catch_the_wave
D:4:      layout_cave_pods, mainiacjoe_overflow_small_starburst, serial_shops,
          nicolae_stop_n_shop_1, dreamdust_gnoll_farm
D:5:      layout_loops_ring, minmay_temple_entry_sparse_star,
          nicolae_shop_self_help
D:6:      layout_loops_cross, mainiacjoe_overflow_brackets, serial_shops,
          kennysheep_mini_moat, minmay_manual_mess, uniq_blork_the_orc

Skill      XL: |  1  2  3  4  5  6  7  8 |
---------------+-------------------------+-----
Ice Magic      | 5 6 |  6.0
Spellcasting   | 3 5 6 |  6.0
Conjurations   | 1 4 |  4.2
Polearms       | 1 5 |  5.2
Dodging        | |  1.5
Stealth        | |  2.1

Action                   |  1- 3 |  4- 6 |  7- 9 || total
-------------------------+-------+-------+-------++-------
Melee: Whip              |    75 |    72 |    16 ||   163
       Punch             |       |     1 |       ||     1
 Fire: Sling             |       |    62 |   100 ||   162
 Cast: Freeze            |     8 |       |       ||     8
       Frozen Ramparts   |       |     6 |    20 ||    26
Invok: Curse Item        |       |     3 |     1 ||     4
  Use: Scroll            |     1 |     3 |       ||     4
       Potion            |       |       |     2 ||     2
 Stab: Sleeping          |     5 |     3 |       ||     8
Armor: Robe              |    28 |    47 |    65 ||   140
Dodge: Dodged            |    51 |    86 |    80 ||   217

Table legend: (Time is in decaauts)
 A = Elapsed time spent in this place.
 B = Non-inter-level travel time spent in this place.
 C = Inter-level travel time spent in this place.
 D = Time resting spent in this place.
 E = Time spent auto-exploring this place.
 F = Levels seen in this place.
 G = Mean time per level.
                   A        B        C        D        E       F      G
               +--------+--------+--------+--------+--------+-----+--------+
         Total |   6512 |   6379 |    133 |   2038 |   2611 |   6 | 1085.3 |
       Dungeon |   6512 |   6379 |    133 |   2038 |   2611 |   6 | 1085.3 |
               +--------+--------+--------+--------+--------+-----+--------+

Top non-repeatable levels by time:
     D:4: 1906 daAuts
     D:1: 1328 daAuts
     D:2: 1107 daAuts
     D:5: 1049 daAuts
     D:3: 968 daAuts
     D:6: 151 daAuts
